NYP
EVERETT AQUASOX @ VANCOUVER CANADIANS
09/18/2049
 
TOP OF THE 1ST
Everett AquaSox batting - Pitching for Vancouver Canadians : RHP Marcus Reiling
Pitching: RHP Marcus Reiling
Batting: RHB John Vasquez 0-0: Ball
1-0: Ball
2-0: Ball
3-0: Base on Balls
Batting: RHB Tomokazu Sugimoto 0-0: Called Strike
John Vasquez steals 2nd base
0-1: Foul Ball, location: 2F
0-2: Ball
Wild Pitch!
John Vasquez to third
1-2: Ball
2-2: Strikes out looking
Batting: RHB Bryan Alfaro 0-0: Ball
1-0: Ball
2-0: Called Strike
2-1: Called Strike
2-2: Ball
3-2: TRIPLE (Line Drive, 9LD, EV 108.1 MPH)
John Vasquez scores
Batting: RHB Rich Justice 0-0: Called Strike
0-1: Ball
1-1: Called Strike
1-2: Strikes out swinging
Batting: SHB Tony Morales 0-0: Called Strike
0-1: Ball
Passed Ball!
Bryan Alfaro scores
1-1: Ball
2-1: Swinging Strike
2-2: Strikes out looking
Top of the 1st over - 2 runs, 1 hit, 0 errors, 0 left on base; Everett 2 - Vancouver 0
BOTTOM OF THE 1ST
Vancouver Canadians batting - Pitching for Everett AquaSox : RHP Frank Kats
Pitching: RHP Frank Kats
Batting: SHB Tim Hone 0-0: Called Strike
0-1: Ball
1-1: Ball
2-1: Swinging Strike
2-2: Ball
3-2: Base on Balls
Batting: RHB Terry Plumley 0-0: Foul Ball, location: 2F
0-1: Called Strike
Tim Hone is caught stealing 2nd base 2-4
0-2: Ground out 4-3 (Groundball, 6MD, EV 102.5 MPH)
Batting: LHB Chris Munguia 0-0: Swinging Strike
0-1: Ground out 4-3 (Groundball, 34D, EV 101.2 MPH)
Bottom of the 1st over - 0 runs, 0 hits, 0 errors, 0 left on base; Everett 2 - Vancouver 0
TOP OF THE 2ND
Everett AquaSox batting - Pitching for Vancouver Canadians : RHP Marcus Reiling
Batting: RHB Jung-wan Aan 0-0: Ball
1-0: Foul Ball, location: 2F
1-1: Ball
2-1: SINGLE (Line Drive, 89S, EV 108.1 MPH)
Batting: RHB Sal Cervantes 0-0: Ball
1-0: Ball
2-0: Called Strike
2-1: Called Strike
2-2: Reached on error, E6 (Groundball, 6S, EV 65.6 MPH)
Jung-wan Aan to second
Batting: RHB Egidius Kruger 0-0: Called Strike
0-1: Reached on error, E6 (Groundball, 6, EV 85.0 MPH)
Jung-wan Aan to third
Sal Cervantes to second
Batting: SHB Raghnall Ahearne 0-0: Called Strike
0-1: Ball
1-1: Foul Ball, location: 2F
1-2: Ball
2-2: Ball
3-2: Strikes out swinging
Batting: RHB John Vasquez 0-0: Ball
1-0: Foul Ball, location: 2F
1-1: Ball
2-1: Fielders Choice at 2nd, 5-4 (Groundball, 56, EV 106.9 MPH)
Jung-wan Aan scores
Sal Cervantes to third
Batting: RHB Tomokazu Sugimoto 0-0: Ball
1-0: Foul Ball, location: 2F
1-1: Fly out, F7 (Line Drive, 78M, EV 88.1 MPH)
Top of the 2nd over - 1 run, 1 hit, 2 errors, 2 left on base; Everett 3 - Vancouver 0
BOTTOM OF THE 2ND
Vancouver Canadians batting - Pitching for Everett AquaSox : RHP Frank Kats
Batting: RHB Akira Kubo 0-0: Ball
1-0: Swinging Strike
1-1: Ball
2-1: Ball
3-1: Base on Balls
Batting: RHB John Rios 0-0: Ball
Wild Pitch!
Akira Kubo to second
1-0: DOUBLE (Groundball, 5L, EV 98.8 MPH)
Akira Kubo scores
Batting: RHB Jose Garza 0-0: Ball
1-0: Foul Ball, location: 2F
1-1: Called Strike
1-2: Ball
2-2: Ball
3-2: Foul Ball, location: 2F
3-2: Base on Balls
Batting: RHB Luis Reyes 0-0: Ball
1-0: Called Strike
1-1: Called Strike
1-2: Fly out, F9 (Flyball, 9, EV 85.6 MPH)
Batting: RHB Dan Hilyer 0-0: Ball
1-0: Foul Ball, location: 2F
1-1: Foul Ball, location: 2F
1-2: Foul Ball, location: 2F
1-2: Fielders Choice at 2nd, 2-4 (Groundball, 15S, EV 65.6 MPH)
John Rios to third
Batting: LHB Ron de Vos 0-0: Foul Ball, location: 2F
0-1: Swinging Strike
0-2: Ball
1-2: Strikes out swinging
Bottom of the 2nd over - 1 run, 1 hit, 0 errors, 2 left on base; Everett 3 - Vancouver 1
TOP OF THE 3RD
Everett AquaSox batting - Pitching for Vancouver Canadians : RHP Marcus Reiling
Batting: RHB Bryan Alfaro 0-0: Called Strike
0-1: Ball
1-1: Foul Ball, location: 2F
1-2: Ball
2-2: Foul Ball, location: 2F
2-2: Strikes out swinging
Batting: RHB Rich Justice 0-0: Ball
1-0: Fly out, F7 (Flyball, 7, EV 81.9 MPH)
Batting: SHB Tony Morales 0-0: Called Strike
0-1: Ball
1-1: Ground out 5-3 (Groundball, 5, EV 90.0 MPH)
Top of the 3rd over - 0 runs, 0 hits, 0 errors, 0 left on base; Everett 3 - Vancouver 1
BOTTOM OF THE 3RD
Vancouver Canadians batting - Pitching for Everett AquaSox : RHP Frank Kats
Batting: SHB Tim Hone 0-0: Ball
1-0: Ball
2-0: Called Strike
2-1: Foul Ball, location: 2F
2-2: SINGLE (Flyball, 6D, EV 93.8 MPH)
Batting: RHB Terry Plumley 0-0: Ball
1-0: Ball
Tim Hone steals 2nd base
2-0: Ball
3-0: Base on Balls
Batting: LHB Chris Munguia 0-0: Ball
Wild Pitch!
Tim Hone to third
Terry Plumley to second
1-0: Ball
2-0: Ball
3-0: Called Strike
3-1: Foul Ball, location: 2F
3-2: Base on Balls
Batting: RHB Akira Kubo 0-0: Ball
1-0: Ball
2-0: Ball
3-0: Base on Balls
Tim Hone scores
Terry Plumley to third
Chris Munguia to second
Batting: RHB John Rios 0-0: Ball
1-0: Ball
2-0: Ball
3-0: Called Strike
3-1: Base on Balls
Terry Plumley scores
Chris Munguia to third
Akira Kubo to second
Batting: RHB Jose Garza 0-0: Ball
1-0: Called Strike
1-1: Fly out, F9 (Flyball, 9D, EV 87.5 MPH)
Runner from 3rd tags up, SCORES, no throw by RF
Akira Kubo to third
Batting: RHB Luis Reyes 0-0: SINGLE (Line Drive, 7S, EV 99.4 MPH)
Akira Kubo scores
John Rios to second
Pitching: RHP Adam Fair
Batting: RHB Dan Hilyer 0-0: Ball
1-0: Called Strike
1-1: Ball
2-1: Ball
3-1: Base on Balls
John Rios to third
Luis Reyes to second
Batting: LHB Ron de Vos 0-0: Swinging Strike
0-1: Ball
1-1: Called Strike
1-2: Ball
2-2: Strikes out swinging
Batting: SHB Tim Hone 0-0: Fly out, F9 (Flyball, 9, EV 95.6 MPH)
Bottom of the 3rd over - 4 runs, 2 hits, 0 errors, 3 left on base; Everett 3 - Vancouver 5
TOP OF THE 4TH
Everett AquaSox batting - Pitching for Vancouver Canadians : RHP Marcus Reiling
Batting: RHB Jung-wan Aan 0-0: Foul Ball, location: 2F
0-1: Foul Ball, location: 2F
0-2: Strikes out swinging
Batting: RHB Sal Cervantes 0-0: Foul Ball, location: 2F
0-1: Called Strike
0-2: Ball
1-2: Ball
2-2: Strikes out looking
Batting: RHB Egidius Kruger 0-0: Ball
1-0: Called Strike
1-1: Ground out 5-3 (Groundball, 56, EV 110.0 MPH)
Top of the 4th over - 0 runs, 0 hits, 0 errors, 0 left on base; Everett 3 - Vancouver 5
BOTTOM OF THE 4TH
Vancouver Canadians batting - Pitching for Everett AquaSox : RHP Adam Fair
Batting: RHB Terry Plumley 0-0: Ball
1-0: Swinging Strike
1-1: Foul Ball, location: 2F
1-2: Ball
2-2: Foul Ball, location: 2F
2-2: Strikes out swinging
Batting: LHB Chris Munguia 0-0: Ball
1-0: Called Strike
1-1: Called Strike
1-2: Ground out U3 (Groundball, 34, EV 88.1 MPH)
Batting: RHB Akira Kubo 0-0: Ball
1-0: Called Strike
1-1: Ball
2-1: Ground out 4-3 (Groundball, 4, EV 85.0 MPH)
Bottom of the 4th over - 0 runs, 0 hits, 0 errors, 0 left on base; Everett 3 - Vancouver 5
TOP OF THE 5TH
Everett AquaSox batting - Pitching for Vancouver Canadians : RHP Marcus Reiling
Batting: SHB Raghnall Ahearne 0-0: Called Strike
0-1: Ball
1-1: Fly out, F5 (Popup, 5SF, EV 72.5 MPH)
Batting: RHB John Vasquez 0-0: Ball
1-0: Ball
2-0: Swinging Strike
2-1: Swinging Strike
2-2: Strikes out swinging
Batting: RHB Tomokazu Sugimoto 0-0: Ball
1-0: Foul Ball, location: 2F
1-1: Called Strike
1-2: Ball
2-2: Foul Ball, location: 2F
2-2: Ball
3-2: Base on Balls
Batting: RHB Bryan Alfaro 0-0: Ball
1-0: Called Strike
1-1: Fly out, F9 (Flyball, 9LM, EV 95.0 MPH)
Top of the 5th over - 0 runs, 0 hits, 0 errors, 1 left on base; Everett 3 - Vancouver 5
BOTTOM OF THE 5TH
Vancouver Canadians batting - Pitching for Everett AquaSox : RHP Adam Fair
Batting: RHB John Rios 0-0: Ball
1-0: Ball
2-0: Called Strike
2-1: Ball
3-1: Called Strike
3-2: Fly out, F8 (Line Drive, 8RD, EV 93.8 MPH)
Batting: RHB Jose Garza 0-0: Ball
1-0: Foul Ball, location: 2F
1-1: Ball
2-1: Foul Ball, location: 2F
2-2: Ball
3-2: Base on Balls
Pitching: RHP Jose Acevedo
Batting: RHB Luis Reyes 0-0: Called Strike
0-1: Ball
1-1: Ball
2-1: Called Strike
2-2: Foul Ball, location: 2F
2-2: Foul Ball, location: 2F
2-2: Foul Ball, location: 2F
2-2: Foul Ball, location: 2F
2-2: Strikes out swinging
Pitching: RHP Aaron Black
Batting: RHB Dan Hilyer 0-0: Called Strike
0-1: Called Strike
0-2: Ball
1-2: Fly out, F8 (Flyball, 8LD, EV 80.6 MPH)
Bottom of the 5th over - 0 runs, 0 hits, 0 errors, 1 left on base; Everett 3 - Vancouver 5
TOP OF THE 6TH
Everett AquaSox batting - Pitching for Vancouver Canadians : RHP Marcus Reiling
Batting: RHB Rich Justice 0-0: Ball
1-0: Ball
2-0: Foul Ball, location: 2F
2-1: Ball
3-1: Base on Balls
Batting: SHB Tony Morales 0-0: Ball
1-0: Foul Ball, location: 2F
1-1: Ground out U3 (Groundball, 3S, EV 68.8 MPH)
Rich Justice to second
Batting: RHB Jung-wan Aan 0-0: Fly out, F8 (Flyball, 8LS, EV 99.4 MPH)
Batting: RHB Sal Cervantes 0-0: Ball
1-0: Ball
2-0: Ball
3-0: Called Strike
3-1: Foul Ball, location: 2F
3-2: Strikes out looking
Top of the 6th over - 0 runs, 0 hits, 0 errors, 1 left on base; Everett 3 - Vancouver 5
BOTTOM OF THE 6TH
Vancouver Canadians batting - Pitching for Everett AquaSox : RHP Aaron Black
Batting: LHB Ron de Vos 0-0: Ball
1-0: Ball
2-0: Called Strike
2-1: Ground out 1-3 (Groundball, 13S, EV 76.2 MPH)
Batting: SHB Tim Hone 0-0: Ball
1-0: Ball
2-0: Ball
3-0: Called Strike
3-1: Base on Balls
Batting: RHB Terry Plumley 0-0: Called Strike
Tim Hone steals 2nd base
0-1: Fly out, F4 (Popup, 6MD, EV 41.2 MPH)
Batting: LHB Chris Munguia 0-0: Ground out 1-3 (Groundball, 13S, EV 66.2 MPH)
Bottom of the 6th over - 0 runs, 0 hits, 0 errors, 1 left on base; Everett 3 - Vancouver 5
TOP OF THE 7TH
Everett AquaSox batting - Pitching for Vancouver Canadians : RHP Marcus Reiling
Now at 1B: Rodrigo Briceno
Now in LF: Jorge Baret
Now in RF: Dan Hilyer
Batting: RHB Egidius Kruger 0-0: Ball
1-0: Ball
2-0: Ball
3-0: Called Strike
3-1: Called Strike
3-2: Strikes out looking
Pitching: RHP Dave Bible
Now in CF: Dan Hilyer
Now in RF: Julio Canseco
Batting: SHB Raghnall Ahearne 0-0: Ball
1-0: Foul Ball, location: 2F
1-1: Ball
2-1: Ball
3-1: TRIPLE (Line Drive, 89XD, EV 108.8 MPH)
Batting: RHB John Vasquez 0-0: Ball
1-0: Ball
2-0: Ball
3-0: Called Strike
3-1: SINGLE (Groundball, 56D, EV 104.4 MPH)
Raghnall Ahearne scores
Batting: RHB Tomokazu Sugimoto 0-0: Called Strike
0-1: Ball
1-1: Called Strike
1-2: Ball
2-2: Strikes out swinging
John Vasquez is caught stealing 2nd base 2-4
Batter strikes out.
Top of the 7th over - 1 run, 2 hits, 0 errors, 0 left on base; Everett 4 - Vancouver 5
BOTTOM OF THE 7TH
Vancouver Canadians batting - Pitching for Everett AquaSox : RHP Aaron Black
Batting: RHB Akira Kubo 0-0: Called Strike
0-1: Ball
1-1: Ball
2-1: DOUBLE (Flyball, 89D, EV 98.8 MPH)
Batting: RHB John Rios 0-0: SINGLE (Line Drive, 34, EV 108.1 MPH)
Akira Kubo to third
Batting: RHB Jose Garza 0-0: Called Strike
0-1: Ground out 4-3 (Groundball, 4, EV 107.5 MPH)
John Rios to second
Batting: RHB Luis Reyes 0-0: Ball
1-0: Ball
2-0: Called Strike
2-1: Fly out, F4 (Popup, 4, EV 76.9 MPH)
Pitching: RHP Raul Lopez
Batting: RHB Dan Hilyer 0-0: SINGLE (Groundball, 6MD, EV 107.5 MPH)
Akira Kubo scores
John Rios to third
Batting: LHB Julio Canseco 0-0: Ground out 4-3 (Groundball, 4, EV 87.5 MPH)
Bottom of the 7th over - 1 run, 3 hits, 0 errors, 2 left on base; Everett 4 - Vancouver 6
TOP OF THE 8TH
Everett AquaSox batting - Pitching for Vancouver Canadians : RHP Dave Bible
Now at 2B: Luis Reyes
Now at 3B: Jamie Ogilvie
Batting: RHB Bryan Alfaro 0-0: Swinging Strike
0-1: Ground out 6-3 (Groundball, 6, EV 102.5 MPH)
Batting: RHB Rich Justice 0-0: Swinging Strike
0-1: Swinging Strike
0-2: Foul Ball, location: 2F
0-2: Strikes out swinging
Batting: SHB Tony Morales 0-0: Swinging Strike
0-1: Called Strike
0-2: Strikes out swinging
Top of the 8th over - 0 runs, 0 hits, 0 errors, 0 left on base; Everett 4 - Vancouver 6
BOTTOM OF THE 8TH
Vancouver Canadians batting - Pitching for Everett AquaSox : RHP Raul Lopez
Batting: LHB Rodrigo Briceno 0-0: Ball
1-0: Ball
2-0: Foul Ball, location: 2F
2-1: Ball
3-1: Base on Balls
Batting: RHB Jorge Baret 0-0: Ball
1-0: Bunt - Flyout to 15! F1
Batting: LHB Chris Munguia 0-0: Ball
1-0: SINGLE (Line Drive, 4D, EV 100.6 MPH)
Rodrigo Briceno to second
Batting: RHB Akira Kubo 0-0: Ball
1-0: Ball
2-0: Called Strike
2-1: Ball
3-1: Base on Balls
Rodrigo Briceno to third
Chris Munguia to second
Batting: RHB John Rios 0-0: Foul Ball, location: 2F
0-1: Ball
1-1: Grounds into fielders choice 4-2 (Groundball, 34, EV 82.5 MPH)
Chris Munguia to third
Akira Kubo to second
Batting: RHB Jamie Ogilvie 0-0: Called Strike
0-1: Ball
1-1: GRAND SLAM HOME RUN (Line Drive, 7LD, EV 98.8 MPH), Distance : 384 ft
Pitching: LHP Kevin Roberts
Batting: RHB Luis Reyes 0-0: Ball
1-0: Ball
2-0: Called Strike
2-1: SINGLE (Groundball, 6, EV 99.4 MPH)
Batting: RHB Dan Hilyer 0-0: Called Strike
Luis Reyes steals 2nd base (no throw)
0-1: SINGLE (Groundball, 56D, EV 99.4 MPH)
Luis Reyes to third
Runner from 3rd tries for Home, SAFE, throw by LF to home
Dan Hilyer to second
Pinch Hitting: RHB Mike Chamberlain 0-0: Swinging Strike
0-1: Fly out, F8 (Line Drive, 8LD, EV 94.4 MPH)
Bottom of the 8th over - 5 runs, 4 hits, 0 errors, 1 left on base; Everett 4 - Vancouver 11
TOP OF THE 9TH
Everett AquaSox batting - Pitching for Vancouver Canadians : RHP Dave Bible
Now in CF: Mike Chamberlain
Now in RF: Dan Hilyer
Batting: RHB Jung-wan Aan 0-0: Ball
1-0: Called Strike
1-1: Ground out 6-3 (Groundball, 6M, EV 103.8 MPH)
Batting: RHB Sal Cervantes 0-0: Ground out 5-3 (Groundball, 56, EV 86.2 MPH)
Batting: RHB Egidius Kruger 0-0: Foul Ball, location: 2F
0-1: Reached on error, E1 (Groundball, P, EV 74.4 MPH)
Batting: SHB Raghnall Ahearne 0-0: Fielders Choice at 2nd, 5-4 (Groundball, 56, EV 78.1 MPH)
Top of the 9th over - 0 runs, 0 hits, 1 error, 1 left on base; Everett 4 - Vancouver 11
Sunday, July 16th , 2023 - OOTP Baseball 24.6 Build 69